 Dungeon Crawl Stone Soup version 0.30-a0-347-gf58ed5266c (webtiles) character file.

Game seed: 11981487728195518746

529 HoaS the Skirmisher (level 7, -10/40 HPs)
             Began as a Kobold Hunter on Nov 6, 2022.
             Mangled by Duvessa
             ... wielding a +0 rapier
              (18 damage)
             ... on level 4 of the Dungeon.
             The game lasted 00:07:20 (3706 turns).

HoaS the Skirmisher (Kobold Hunter)                 Turns: 3706, Time: 00:07:21

Health: -10/40     AC:  5    Str:  9    XL:     7   Next: 48%
Magic:  7/7        EV: 14    Int: 10    God:
Gold:   183        SH:  0    Dex: 20    Spells: 6/6 levels left

rFire   . . .      SeeInvis .    a - +1 shortbow (freeze)
rCold   . . .      Faith    .    (shield currently unavailable)
rNeg    . . .      Spirit   .    c - +0 leather armour
rPois   .          Reflect  .    (no helmet)
rElec   .          Harm     .    (no cloak)
rCorr   .          Rampage  .    (no gloves)
Will    +....                    e - +1 pair of boots
Stlth   +++.......               q - amulet of the acrobat
HPRegen 0.26/turn                g - +4 ring of slaying
MPRegen 0.10/turn                r - ring of willpower

@: no status effects
A: small, no large weapons, nightstalker 3
a: no special abilities


You were on level 4 of the Dungeon.
You visited 1 branch of the dungeon, and saw 5 of its levels.

You collected 183 gold pieces.

Inventory:

Hand Weapons
 a - a +1 shortbow of freezing (weapon)
Armour
 c - a +0 leather armour (worn)
 e - a +1 pair of boots (worn)
Jewellery
 g - a +4 ring of slaying (left hand)
 q - an amulet of the acrobat (around neck)
 r - a ring of willpower (right hand)
Wands
 s - a wand of mindburst (14)
Scrolls
 b - a scroll of immolation
 n - a scroll of brand weapon
 p - a scroll of fog
 u - a scroll of poison {unknown}
Potions
 d - a potion of heal wounds
 f - a potion of degeneration {unknown}
 h - a potion of berserk rage {unknown}
 i - a potion of brilliance {unknown}
 j - 3 potions of curing {unknown}
 k - a potion of lignification {unknown}
 l - 2 potions of invisibility {unknown}
 m - a potion of attraction {unknown}
 o - a potion of mutation {unknown}
 t - a potion of cancellation {unknown}


   Skills:
 - Level 2.1 Fighting
 + Level 11.1 Ranged Weapons
 - Level 2.4 Dodging
 - Level 1.3 Stealth


You had 6 spell levels left.
You didn't know any spells.
Your spell library contained the following spells:

 Spells                   Type           Power      Damage    Failure   Level
 Vhi's Electric Charge    Tloc/Air       0%         N/A       85%         3
 Arcjolt                  Conj/Air       0%         1d10      100%        5
 Maxwell's Capacitive Co  Air            0%         ∞         100%        8


Dungeon Overview and Level Annotations

Branches:
Dungeon (5/15)
 Temple: D:4-7

Altars:

Shops:
D:1 *

Annotations:
D:4 Duvessa
D:5 Edmund, Grinder


Innate Abilities, Weirdness & Mutations

You are small and have problems with some larger weapons.
You are completely attuned to the shadows.


Message History

The ufetubus is moderately wounded.
Duvessa rages.
You shoot an arrow. The arrow closely misses the ufetubus.
The arrow hits Duvessa!
The arrow freezes Duvessa!
Duvessa is moderately wounded.
The ufetubus closely misses you. The ufetubus hits you.
Unknown command.
Unknown command.
Aiming: Mindburst
Press: ? - help, Shift-Dir - straight line, f - Duvessa, p - ufetubus
Aim: Duvessa, wielding a +0 sling, wearing a +0 leather armour and quivering stones (moderately wounded, berserk, chance to affect: 47%)
The ufetubus struggles to resist.
The ufetubus hits you but does no damage.
The ufetubus misses you.
The ufetubus completely misses you. x2; Duvessa unwields a +0 sling.
Duvessa wields a +0 rapier.
Duvessa completely misses you. The ufetubus misses you.
The ufetubus completely misses you.
Level annotation: Duvessa Welcome back, HoaS the Kobold Hunter.
Press ? for a list of commands and other information.
Aiming: Mindburst
Press: ? - help, Shift-Dir - straight line, f - Duvessa
Aim: Duvessa, wielding a +0 rapier, wearing a +0 leather armour and quivering stones (moderately wounded, berserk, chance to affect: 47%) Duvessa resists with some effort.
Duvessa barely misses you. The ufetubus misses you.
The ufetubus completely misses you. Duvessa hits you with a +0 rapier!
You shoot an arrow.
The arrow hits Duvessa but does no damage.
Duvessa is moderately wounded.
The ufetubus hits you. The ufetubus closely misses you.
Duvessa hits you with a +0 rapier!
* * * LOW HITPOINT WARNING * * *
The ufetubus closely misses you. The ufetubus hits you.
* * * LOW HITPOINT WARNING * * *
You shoot an arrow. The arrow hits Duvessa!
The arrow freezes Duvessa.
Duvessa is heavily wounded.
Duvessa closely misses you. The ufetubus misses you.
The ufetubus hits you but does no damage.
Duvessa hits you with a +0 rapier!!
You die...

# ####''### #.#
#####........
..##......(..
###..)..≈≈...
##......≈≈......##
#.......≈≈.......##
........≈≈........#
.......≈≈≈≈ ...e..#
......≈≈≈≈ ≈...5@.#
..≈≈≈≈≈≈ ≈≈≈≈≈≈..+
..≈≈≈≈≈≈≈≈≈≈≈≈≈≈..+
......≈≈≈≈≈≈......#
.......≈≈≈≈.......#
........≈≈....)...#
#.......≈≈.......##
##......≈≈......##
##.....≈≈.....##


You could see Duvessa (berserk) and an ufetubus.

Vanquished Creatures
  Blork the orc (D:5)
  A scorpion (D:5)
  Dowan (D:4)
  A hound (D:5)
  An orc priest (D:5)
  An iguana (D:5)
  Ijyb (D:5)
  Terence (D:3)
  2 orc wizards (D:5)
  3 gnolls (D:2)
  4 adders
  A shadow imp (D:4)
  A worm (D:4)
  2 dart slugs
  4 orcs
  2 ball pythons (D:4)
  4 bats
  11 endoplasms
  3 giant cockroaches
  4 goblins
  10 hobgoblins
  7 jackals (D:1)
  6 kobolds
  A quokka (D:2)
  4 frilled lizards
  8 rats
85 creatures vanquished.

Notes
Turn   | Place    | Note
-------+----------+-------------------------------------------
     0 | D:1      | HoaS the Kobold Hunter began the quest for the Orb.
     0 | D:1      | Reached XP level 1. HP: 12/12 MP: 1/1
   260 | D:1      | Found Byloddam's General Store.
   302 | D:1      | Reached XP level 2. HP: 17/17 MP: 2/2
   346 | D:1      | Reached skill level 6 in Ranged Weapons
   417 | D:1      | Reached XP level 3. HP: 20/21 MP: 3/3
   940 | D:2      | Reached skill level 7 in Ranged Weapons
  1224 | D:2      | Reached XP level 4. HP: 26/26 MP: 4/4
  1285 | D:2      | Reached XP level 5. HP: 25/30 MP: 5/5
  1731 | D:3      | Reached skill level 8 in Ranged Weapons
  2026 | D:3      | Noticed Terence
  2035 | D:3      | Killed Terence
  2502 | D:4      | Noticed Dowan
  2503 | D:4      | Noticed Duvessa
  2508 | D:4      | Killed Dowan
  2509 | D:4      | Reached skill level 9 in Ranged Weapons
  2509 | D:4      | Reached XP level 6. HP: 35/35 MP: 6/6
  2976 | D:5      | Entered Level 5 of the Dungeon
  2981 | D:5      | Noticed Blork the orc
  2986 | D:5      | Killed Blork the orc
  2992 | D:5      | Reached skill level 10 in Ranged Weapons
  3103 | D:5      | Reached XP level 7. HP: 15/40 MP: 7/7
  3253 | D:5      | Noticed Grinder
  3322 | D:5      | Noticed Ijyb
  3326 | D:5      | Killed Ijyb
  3327 | D:5      | Reached skill level 11 in Ranged Weapons
  3525 | D:5      | Noticed Edmund
  3706 | D:4      | Mangled by Duvessa

Illustrated notes

Levels and vault maps discovered:
D:1:      dpeg_arrival_rooms_a, layout_basic, serial_shops, nicolae_shop_stone,
          feat_on_display
D:2:      layout_loops_ring, kennysheep_generic_room_12
D:3:      layout_basic, uniq_terence
D:4:      layout_loops_ring, kennysheep_cross_room,
          chequers_serial_rivers_small_3, chequers_jeans, minivault_19,
          minmay_misc_feat_four_crosses, uniq_sigmund, uniq_duvessa
D:5:      layout_basic, fountainhead, uniq_grinder, uniq_prince_ribbit1,
          uniq_blork_the_orc, uniq_ijyb, uniq_edmund

Skill      XL: |  1  2  3  4  5  6  7 |
---------------+----------------------+-----
Ranged Weapons | 6 7 9 10 11 | 11.1
Fighting       | |  2.1
Dodging        | |  2.4
Stealth        | |  1.3

Action                   |  1- 3 |  4- 6 |  7- 9 || total
-------------------------+-------+-------+-------++-------
 Fire: Shortbow          |    81 |    97 |    21 ||   199
Evoke: Wand              |       |       |     2 ||     2
  Use: Scroll            |     5 |     6 |       ||    11
Armor: Leather armour    |     9 |    12 |     6 ||    27
Dodge: Dodged            |    27 |    34 |    16 ||    77

Table legend: (Time is in decaauts)
 A = Elapsed time spent in this place.
 B = Non-inter-level travel time spent in this place.
 C = Inter-level travel time spent in this place.
 D = Time resting spent in this place.
 E = Time spent auto-exploring this place.
 F = Levels seen in this place.
 G = Mean time per level.
                   A        B        C        D        E       F      G
               +--------+--------+--------+--------+--------+-----+--------+
         Total |   3740 |   3553 |    187 |    348 |   2765 |   5 |  748.0 |
       Dungeon |   3740 |   3553 |    187 |    348 |   2765 |   5 |  748.0 |
               +--------+--------+--------+--------+--------+-----+--------+

Top non-repeatable levels by time:
     D:2: 912 daAuts
     D:1: 839 daAuts
     D:4: 739 daAuts
     D:5: 636 daAuts
     D:3: 612 daAuts
